 Dungeon Crawl Stone Soup version 0.31.0-11-ge490571c62 (webtiles) character file.

Game seed: 17838494256980462877

9471 browni3141 the Cleaver (level 11, -1/97 HPs)
             Began as a Minotaur Fighter on Jan 28, 2024.
             Was a High Priest of Okawaru.
             Slain by a smoke demon (4 damage)
             ... on level 9 of the Dungeon.
             The game lasted 00:06:48 (8575 turns).

browni3141 the Cleaver (Minotaur Fighter)           Turns: 8575, Time: 00:06:48

Health: -1/97      AC:  5    Str: 23    XL:     11   Next: 23%
Magic:  14/16      EV: 12    Int:  5    God:    Okawaru [*****.]
Gold:   463        SH:  7    Dex:  9    Spells: 10/10 levels left

rFire   . . .        a - +0 war axe (venom)
rCold   . . .        c - +0 buckler
rNeg    + + .        C - +0 acid dragon scales
rPois   .            (helmet restricted)
rElec   .            m - +0 cloak
rCorr   +            (no gloves)
SInv    +            l - +0 pair of boots
Will    +++..        s - amulet of faith
Stlth   ++           H - ring of positive energy
HPRegen 0.36/turn    e - ring "Vissiuf" {rN+ Will+++ rCorr Str-3 SInv}
MPRegen 0.15/turn

%: faith
@: heroic, corroded
A: horns 2, retaliatory headbutt
a: Renounce Religion, Heroism, Finesse, Duel


You were on level 9 of the Dungeon.
You worshipped Okawaru.
Okawaru was extremely pleased with you.
You visited 1 branch of the dungeon, and saw 9 of its levels.

You collected 463 gold pieces.

Inventory:

Hand Weapons
 a - a +0 war axe of venom (weapon)
Missiles
 r - 5 silver javelins
 t - 9 boomerangs (quivered)
Armour
 b - a +0 scale mail
 c - a +0 buckler (worn)
 j - a +0 plate armour
 l - a +0 pair of boots (worn)
 m - a +0 cloak (worn)
 C - +0 acid dragon scales (worn)
Jewellery
 e - the ring "Vissiuf" (right hand) {rN+ Will+++ rCorr Str-3 SInv}
   (You acquired it on level 5 of the Dungeon)

   [ring of resist corrosion]

   Str-3:     It affects your strength (-3).
   rN+:       It protects you from negative energy.
   Will+++:   It greatly increases your willpower.
   SInv:      It lets you see invisible.
   rCorr:     It protects you from acid and corrosion.
 s - an amulet of faith (around neck)
 w - an amulet of guardian spirit
 H - a ring of positive energy (left hand)
 J - an amulet of the acrobat
Wands
 o - a wand of paralysis (7)
 y - a wand of polymorph (12)
 E - a wand of mindburst (8)
 K - a wand of acid (14)
 N - a wand of roots (9)
Scrolls
 h - a scroll of teleportation
 k - 2 scrolls of fog
 q - 3 scrolls of revelation
 B - 2 scrolls of noise
 D - a scroll of immolation {unknown}
 F - a scroll of identify
 G - a scroll of amnesia {unknown}
 I - 3 scrolls of enchant armour {unknown}
 L - a scroll of blinking
 M - a scroll of vulnerability {unknown}
Potions
 d - 3 potions of might
 f - 8 potions of curing {unknown}
 g - a potion of heal wounds {unknown}
 i - a potion of degeneration {unknown}
 n - 3 potions of berserk rage {unknown}
 p - a potion of lignification {unknown}
 u - a potion of ambrosia {unknown}
 v - a potion of invisibility {unknown}
 x - 3 potions of haste {unknown}
 z - 2 potions of brilliance {unknown}
 A - 2 potions of attraction {unknown}


   Skills:
 + Level 9.0(14.0) Fighting
 * Level 11.5(16.5) Axes
 + Level 9.1(14.1) Armour
 + Level 8.8(13.8) Shields
 * Level 8.7 Invocations
 * Level 2.4 Evocations


You had 10 spell levels left.
You didn't know any spells.
Your spell library contained the following spells:

 Spells                   Type           Power      Damage    Failure   Level
 Apportation              Tloc           0%         N/A       56%         1
 Necrotise                Necr           0%         1d4       56%         1
 Sting                    Conj/Alch      0%         1d3       56%         1
 Blink                    Tloc           0%         N/A       71%         2
 Lesser Beckoning         Tloc           0%         N/A       71%         2
 Momentum Strike          Conj/Tloc      0%         3d8       71%         2
 Sublimation of Blood     Necr           0%         N/A       71%         2
 Fugue of the Fallen      Necr           0%         N/A       91%         3
 Gell's Gravitas          Tloc           0%         N/A       91%         3
 Ozocubu's Armour         Ice            0%         N/A       91%         3
 Teleport Other           Tloc           0%         N/A       91%         3
 Dimensional Bullseye     Hex/Tloc       0%         N/A       100%        4
 Manifold Assault         Tloc           0%         N/A       100%        4
 Summon Small Mammal      Summ           Unusable   N/A       N/A         1
 Call Imp                 Summ           Unusable   N/A       N/A         2
 Summon Hydra             Summ           Unusable   N/A       N/A         7

Dungeon Overview and Level Annotations

Branches:
Dungeon (9/15)             Temple (0/1) D:7            Lair (0/5) D:9
    Orc: D:9-12

Altars:
Cheibriados
Dithmenos
Gozag
Makhleb
Okawaru
Ru
Trog
Uskayaw
Vehumet
Wu Jian
Xom
Yredelemnul
The Shining One

Shops:
D:4 *


Innate Abilities, Weirdness & Mutations

You have a pair of horns on your head.
You reflexively headbutt those who attack you in melee.


Message History

The quasit claws you but does no damage.
The quasit closely misses you.
You barely miss the quasit. You headbutt the quasit.
The quasit is moderately wounded.
You block the quasit's attack.
The quasit claws you but does no damage.
The quasit barely misses you.
You barely miss the quasit. You headbutt the quasit!
The quasit is almost dead.
The quasit barely misses you. You furiously retaliate!
You headbutt the quasit.
You kill the quasit!
Okawaru accepts your kill.
You barely miss the rust devil. Your headbutt misses the rust devil.
You block the rust devil's attack.
You closely miss the rust devil.
You hit the smoke demon but do no damage.
You hit the rust devil.
The rust devil is lightly wounded.
You hit the smoke demon but do no damage.
The rust devil hits you. The smoke demon barely misses you.
The smoke demon hits you but does no damage.
The smoke demon barely misses you.
You barely miss the rust devil. You headbutt the rust devil!
The rust devil is moderately wounded.
You completely miss the smoke demon. The rust devil misses you.
The smoke demon gestures at you. The ball of steam hits you.
You hit the rust devil but do no damage.
The rust devil is moderately wounded.
You hit the smoke demon but do no damage.
You are engulfed in a cloud of scalding steam.
The rust devil misses you. The smoke demon gestures at you.
The ball of steam misses you.
You closely miss the rust devil.
The rust devil is moderately wounded.
You hit the smoke demon but do no damage.
You are engulfed in a cloud of scalding steam.
The rust devil hits you. The smoke demon closely misses you.
The smoke demon barely misses you. You block the smoke demon's attack.
You barely miss the rust devil.
The rust devil is moderately wounded.
You slash the smoke demon! The rust devil hits you!
The smoke demon hits you but does no damage.
The smoke demon barely misses you.
The smoke demon hits you but does no damage.
You completely miss the rust devil. You headbutt the rust devil!
The rust devil is heavily wounded.
You barely miss the smoke demon. The rust devil barely misses you.
The smoke demon gestures at you. The ball of steam hits you!!
You barely miss the rust devil.
The rust devil is heavily wounded.
You hit the smoke demon but do no damage.
The rust devil hits you. The rust devil corrodes you!
The smoke demon hits you but does no damage.
The smoke demon hits you. The smoke demon barely misses you.
You hit the rust devil but do no damage.
The rust devil is moderately wounded.
You barely miss the smoke demon. You block the rust devil's attack.
The smoke demon gestures at you. Something smites you!
You barely miss the rust devil.
The rust devil is moderately wounded.
You hit the smoke demon but do no damage.
The rust devil hits you. The rust devil corrodes you!
The smoke demon completely misses you.
The smoke demon hits you but does no damage.
The smoke demon barely misses you.
You hit the rust devil.
The rust devil is poisoned.
The rust devil is moderately wounded.
You barely miss the smoke demon. The rust devil barely misses you.
The smoke demon hits you but does no damage. x2
The smoke demon hits you.
You gain the combat prowess of a mighty hero.
The rust devil hits you. The smoke demon hits you.
The smoke demon completely misses you. The smoke demon hits you.
You slash the rust devil!
The rust devil is almost dead.
You hit the smoke demon but do no damage.
The rust devil hits you. The smoke demon barely misses you. x2
You block the smoke demon's attack.
You hit the rust devil but do no damage.
Your headbutt misses the rust devil.
The rust devil is almost dead.
You slash the smoke demon! You hit the rust devil.
You kill the rust devil!
Okawaru accepts your kill.
You hit the smoke demon.
The smoke demon is poisoned.
The smoke demon hits you but does no damage. x3
You closely miss the smoke demon. You headbutt the smoke demon.
The smoke demon is severely wounded.
The smoke demon gestures at you. The ball of steam hits you!!
You are too injured to fight recklessly!
You are too injured to fight recklessly!
The smoke demon attacks as it pursues you!
The smoke demon hits you.
You die...

. ###
....#####################
...
.∩.....3@!...............
.##
....##...###.##########..
.# .
#..#!#.......######.. .#
#......#####.....##.. .#
#..#### ..#####.##.. .#
##. _.....'.##.. .# #.
..#####..... .# ..
#.....#... ..
....######..


You could see a smoke demon (very poisoned).

Vanquished Creatures
  3 soul eaters (D:9)
  Pikel (D:7)
  A rust devil (D:9)
  A smoke demon (D:9)
  An orange demon (D:9)
  Jeremiah (D:6)
  Maggie (D:6)
  3 red devils (D:8)
  Prince Ribbit (D:5)
  Grinder (D:5)
  A wyvern (D:9)
  A steam dragon (D:9)
  Edmund (D:4)
  An acid dragon (D:6)
  2 water moccasins (D:9)
  3 orc warriors
  2 black bears
  4 ice beasts
  5 sky beasts
  An ogre (D:7)
  2 kobold brigands
  A phantom (D:5)
  3 lemures (D:7)
  Blork the orc (D:6)
  A scorpion (D:6)
  8 bullfrogs
  A gnoll sergeant (D:6)
  5 wights (D:7)
  4 killer bees (D:9)
  4 bombardier beetles
  5 howler monkeys (D:7)
  3 hounds
  3 quasits (D:9)
  4 orc priests
  Crazy Yiuf (D:5)
  3 gnoll boudas
  4 jellies
  Jessica (D:2)
  2 sleepcaps
  5 orc wizards
  Ijyb (D:4)
  17 gnolls
  9 adders
  2 ufetubi (D:6)
  3 dart slugs
  29 orcs
  2 endoplasms
  3 giant cockroaches (D:2)
  3 goblins
  A hobgoblin (D:4)
  9 jackals
  15 kobolds
  8 quokkas
  5 ball pythons
  8 bats
  5 frilled lizards
  7 rats
223 creatures vanquished.

Notes
Turn   | Place    | Note
-------+----------+-------------------------------------------
     0 | D:1      | browni3141 the Minotaur Fighter began the quest for the
                  | Orb.
     0 | D:1      | Reached XP level 1. HP: 19/19 MP: 0/0
   223 | D:1      | Reached XP level 2. HP: 27/27 MP: 1/1
   477 | D:1      | Reached skill level 3 in Axes
   954 | D:2      | Reached XP level 3. HP: 28/33 MP: 2/2
  1146 | D:2      | Noticed Jessica
  1159 | D:2      | Killed Jessica
  1160 | D:2      | Reached skill level 4 in Axes
  1160 | D:2      | Reached XP level 4. HP: 26/40 MP: 3/3
  1699 | D:3      | Reached XP level 5. HP: 43/47 MP: 4/4
  1718 | D:3      | Found a snail-covered altar of Cheibriados.
  1899 | D:3      | Noticed a +0 dagger
  1899 | D:3      | Noticed a +0 hand axe
  1901 | D:3      | Found a hide-covered altar of Uskayaw.
  2113 | D:3      | Found a shadowy altar of Dithmenos.
  2119 | D:3      | Found a basalt altar of Yredelemnul.
  2119 | D:3      | Found a bloodstained altar of Trog.
  2132 | D:3      | Found an opulent altar of Gozag.
  2135 | D:3      | Found an iron altar of Okawaru.
  2354 | D:3      | Became a worshipper of Warmaster Okawaru
  2799 | D:4      | Noticed Ijyb
  2810 | D:4      | Killed Ijyb
  2811 | D:4      | Reached skill level 5 in Axes
  3001 | D:4      | Found Zoegurr's CLEARANCE SALE!.
  3001 | D:4      | Noticed Edmund
  3018 | D:4      | Killed Edmund
  3019 | D:4      | Reached skill level 5 in Fighting
  3019 | D:4      | Reached skill level 5 in Armour
  3019 | D:4      | Reached skill level 1 in Invocations
  3019 | D:4      | Reached XP level 6. HP: 20/56 MP: 5/5
  3195 | D:4      | Reached skill level 5 in Shields
  3202 | D:4      | Noticed an ice beast
  3212 | D:4      | Killed an ice beast
  3212 | D:4      | Reached * piety under Okawaru
  3610 | D:5      | Entered Level 5 of the Dungeon
  3616 | D:5      | Reached XP level 7. HP: 61/61 MP: 7/7
  3625 | D:5      | Identified a scroll of acquirement
  3630 | D:5      | Acquired the ring "Vissiuf" {rN+ Will+++ rCorr Str-3 SInv}
  3659 | D:5      | Reached skill level 6 in Axes
  3858 | D:5      | Reached ** piety under Okawaru
  4092 | D:5      | Noticed Prince Ribbit
  4104 | D:5      | Killed Prince Ribbit
  4105 | D:5      | Reached XP level 8. HP: 19/70 MP: 9/9
  4349 | D:5      | Found a runed translucent door.
  4350 | D:5      | Noticed Crazy Yiuf
  4377 | D:5      | Reached skill level 7 in Axes
  4431 | D:5      | Reached *** piety under Okawaru
  4464 | D:5      | Noticed Grinder
  4485 | D:5      | Killed Grinder
  4569 | D:5      | Killed Crazy Yiuf
  4732 | D:6      | Reached skill level 8 in Axes
  4734 | D:6      | Reached **** piety under Okawaru
  4735 | D:6      | Reached skill level 5 in Invocations
  4755 | D:6      | Reached XP level 9. HP: 17/78 MP: 11/11
  4871 | D:6      | Noticed Jeremiah
  5054 | D:6      | Killed Jeremiah
  5269 | D:6      | Noticed Blork the orc
  5275 | D:6      | Killed Blork the orc
  5572 | D:6      | Noticed Maggie
  5579 | D:6      | Killed Maggie
  5580 | D:6      | Reached skill level 9 in Axes
  5705 | D:6      | Found an ornate altar of the Wu Jian Council.
  5855 | D:7      | Noticed Pikel
  5870 | D:7      | Killed Pikel
  5878 | D:7      | Reached ***** piety under Okawaru
  6111 | D:7      | Received a gift from Okawaru
  6130 | D:7      | Reached XP level 10. HP: 55/88 MP: 11/14
  6461 | D:7      | Reached skill level 10 in Axes
  6599 | D:7      | Found a staircase to the Ecumenical Temple.
  7088 | D:8      | Found a shimmering altar of Xom.
  7199 | D:8      | Found a glowing golden altar of the Shining One.
  7230 | D:8      | Found a radiant altar of Vehumet.
  7533 | D:9      | Found a staircase to the Lair.
  7562 | D:9      | Received a gift from Okawaru
  7825 | D:9      | Reached skill level 11 in Axes
  7897 | D:9      | Noticed a smoke demon
  7904 | D:9      | Killed a smoke demon
  7946 | D:9      | Noticed a soul eater
  7962 | D:9      | Killed a soul eater
  7963 | D:9      | Reached skill level 1 in Evocations
  8137 | D:9      | Identified the +3 war axe "Moumnydav" {heavy, Int-3 Dex+4}
  8199 | D:9      | Noticed a soul eater
  8200 | D:9      | Noticed a soul eater
  8200 | D:9      | Noticed an orange demon
  8214 | D:9      | Killed a soul eater
  8215 | D:9      | Reached XP level 11. HP: 89/95 MP: 14/16
  8222 | D:9      | Killed a soul eater
  8377 | D:9      | Got Sif Muna's Anthology of the Goat
  8504 | D:9      | Found a sacrificial altar of Ru.
  8537 | D:9      | Found a burning altar of Makhleb.
  8574 | D:9      | HP: 3/97 [smoke demon/ball of steam (26)]
  8575 | D:9      | Slain by a smoke demon

Illustrated notes

Levels and vault maps discovered:
D:1:      wander_arrival_peaceful_grave, layout_loops_corners, bh_walls_and_bars
D:2:      layout_basic, minmay_cupped, uniq_jessica
D:3:      layout_basic, dancing_weapons_uskayaw, slow_altar_1,
          minmay_overflow_temple_star_hex
D:4:      layout_loops_ring, nicolae_shop_clearance, uniq_edmund, uniq_ijyb
D:5:      layout_rooms, uniq_grinder, uniq_crazy_yiuf_cottage,
          uniq_prince_ribbit1
D:6:      layout_loops_ring, lemuel_round_altar, grunt_ministairs_1,
          uniq_jeremiah, uniq_maggie, uniq_blork_the_orc
D:7:      layout_cave_pools, minmay_temple_entry_overgrown, uniq_pikel
D:8:      layout_loops_cross, tso_altar, general_overflow_altar,
          mainiacjoe_overflow_brackets, einodemon_armed_red_devil_minivault
D:9:      layout_small_grid, mainiacjoe_overflow_surrounded_room,
          nicolae_ru_awakened_eye, due_lair_maze_entry_diamond, serial_demonic,
          serial_demonic_b, serial_demonic_g, serial_demonic_d, serial_demonic_b

Skill      XL: |  1  2  3  4  5  6  7  8  9 10 11 |
---------------+----------------------------------+-----
Axes           | 3 4 5 6 8 9 11 | 11.5
Fighting       | 4 5 6 7 8 9 |  9.0
Armour         | 4 5 6 7 8 9 |  9.1
Shields        | 4 5 6 7 8 |  8.8
Invocations    | 1 2 3 5 6 8 |  8.7
Evocations     | 1 2 |  2.4

Action                     |  1- 3 |  4- 6 |  7- 9 | 10-12 || total
---------------------------+-------+-------+-------+-------++-------
  Melee: War axe           |    62 |   130 |   212 |   179 ||   583
         Headbutt          |     6 |    20 |    38 |    34 ||    98
  Throw: Boomerang         |       |       |     7 |     4 ||    11
         Javelin           |       |       |     2 |     4 ||     6
 Invoke: Heroism           |       |       |     2 |     6 ||     8
  Evoke: Wand              |       |       |     5 |    12 ||    17
    Use: Scroll            |       |     1 |    12 |       ||    13
 Armour: Scale mail        |    24 |       |       |       ||    24
         Plate armour      |    30 |   114 |   182 |       ||   326
         Acid dragon scale |       |       |    33 |   178 ||   211
  Dodge: Dodged            |    34 |    43 |    71 |   102 ||   250
  Block: Buckler           |    15 |    39 |    51 |    66 ||   171
